 Dungeon Crawl Stone Soup version 0.29.0-4-gdea44cf6ec (webtiles) character file.

Game seed: 5077854712548459365

89 Destructed3 the Trooper (level 4, -1/35 HPs)
             Began as a Mummy Fighter on Aug 27, 2022.
             Slain by a gnoll
             ... wielding a +0 flail
             ... led by a gnoll bouda
              (3 damage)
             ... on level 4 of the Dungeon.
             The game lasted 00:04:18 (2590 turns).

Destructed3 the Trooper (Mummy Fighter)             Turns: 2590, Time: 00:04:19

Health: -1/35      AC:  6    Str: 19    XL:     4   Next: 31%
Magic:  4/4        EV:  9    Int:  7    God:
Gold:   94         SH:  4    Dex: 13    Spells: 3/3 levels left

rFire   x . .      SeeInvis .   e - +2 dagger (drain)
rCold   + . .      Faith    .   c - +0 buckler
rNeg    + + +      Spirit   .   b - +0 scale mail
rPois   ∞          Reflect  .   (no helmet)
rElec   .          Harm     .   (no cloak)
rCorr   .          Rampage  .   (no gloves)
Will    .....                   (no boots)
Stlth   ..........              (no amulet)
HPRegen 0.11/turn               (no ring)
MPRegen 0.09/turn               (no ring)

@: no status effects
A: cold resistance 1, negative energy resistance 3, torment resistance 2, heat
vulnerability 1, in touch with death 1, no potions
a: no special abilities


You were on level 4 of the Dungeon.
You visited 1 branch of the dungeon, and saw 4 of its levels.

You collected 94 gold pieces.

Inventory:

Hand Weapons
 a - a +0 flail
 e - a +2 dagger of draining (weapon)
 l - a +1 dagger of flaming
 m - a +1 dagger of holy wrath
Armour
 b - a +0 scale mail (worn)
 c - a +0 buckler (worn)
Magical Staves
 o - a staff of death
Jewellery
 h - an amulet of guardian spirit
 i - a ring of magical power
 p - a ring of wizardry
Scrolls
 d - 3 scrolls of identify {unknown}
 f - a scroll of blinking {unknown}
 g - a scroll of vulnerability {unknown}
 j - a scroll of summoning {unknown}
 k - a scroll of immolation {unknown}
 n - a scroll of amnesia {unknown}


   Skills:
 + Level 3.2 Fighting
 + Level 2.8 Short Blades
 - Level 1.7 Maces & Flails
 - Level 2.5 Armour
 - Level 2.5 Shields


You had 3 spell levels left.
You didn't know any spells.
Your spell library was empty.

Dungeon Overview and Level Annotations

Branches:
Dungeon (4/15)
 Temple: D:4-7

Altars:

Annotations:
D:3 Sigmund


Innate Abilities, Weirdness & Mutations

You are immune to poison.
Your flesh is cold resistant. (rC+)
You are immune to negative energy. (rN+++)
You are immune to unholy pain and torment.
You are vulnerable to heat. (rF-)
You are in touch with the powers of death.
You do not drink.


Message History

You hit the gnoll. You drain the gnoll.
You kill the gnoll!
The gnoll hits you with a +0 flail!
You barely miss the gnoll. You block the gnoll's attack.
The gnoll hits you with a +0 whip.
The gnoll bouda calls upon its god to heal the gnoll.
The gnoll's wounds heal themselves!
The gnoll closely misses you.
The gnoll bouda attacks as you move away!
The gnoll bouda closely misses you. You block the gnoll's attack.
You hit the gnoll.
The gnoll is moderately wounded.
The gnoll hits you with a +0 flail.
You hit the gnoll.
The gnoll is heavily wounded.
You hit the gnoll bouda but do no damage.
The gnoll hits you with a +0 flail!
* * * LOW HITPOINT WARNING * * *
You barely miss the gnoll bouda.
The gnoll bouda hits you with a +0 club.
* * * LOW HITPOINT WARNING * * *
The gnoll closely misses you.
The gnoll is no longer moving quickly.
The gnoll bouda barks out a call to the hunt!
The gnoll picks up the pace!
The gnoll is no longer moving quickly.
The gnoll bouda barks out a call to the hunt!
The gnoll picks up the pace!
The gnoll is no longer moving quickly.
The gnoll bouda barks out a call to the hunt!
The gnoll picks up the pace!
The gnoll barely misses you. The gnoll closely misses you.
The gnoll hits you with a +0 flail.
* * * LOW HITPOINT WARNING * * *
The gnoll attacks as you move away! The gnoll hits you but does no damage.
The gnoll bouda gazes fiercely through you!
You feel your attacks grow feeble.
Your attacks no longer feel as feeble.
The gnoll hits you with a +0 flail.
You die...

#..# #..##### ##.#
#.## #)#####.#
#.......# #..###..#
##.###..+
#####..#..##
#.........#
######.#...@..##
#......#...g..#
########....g.# ##
#......### ##.#
#........## #..###
#......#..####....##
#......##g.l.......##
######.#####.........
... #.........


You could see a gnoll bouda and 2 gnolls.

Vanquished Creatures
  An orc wizard (D:4)
  A gnoll (D:4)
  2 adders (D:2)
  A worm (D:2)
  A dart slug (D:2)
  4 orcs (D:4)
  3 ball pythons
  5 endoplasms
  2 hobgoblins
  2 bats (D:1)
  2 frilled lizards
  2 goblins
  2 kobolds
  5 rats
33 creatures vanquished.

Notes
Turn   | Place    | Note
-------+----------+-------------------------------------------
     0 | D:1      | Destructed3 the Mummy Fighter began the quest for the Orb.
     0 | D:1      | Reached XP level 1. HP: 18/18 MP: 1/1
   734 | D:1      | Reached XP level 2. HP: 24/24 MP: 2/2
  1268 | D:2      | Reached skill level 1 in Short Blades
  1377 | D:2      | Gained mutation: You are in touch with the powers of death.
                  | [Mummy growth]
  1377 | D:2      | Reached XP level 3. HP: 26/29 MP: 3/3
  1888 | D:3      | Noticed Sigmund
  2325 | D:4      | Reached XP level 4. HP: 17/35 MP: 4/4
  2590 | D:4      | Slain by a gnoll

Illustrated notes

Levels and vault maps discovered:
D:1:      co_arrival_random_square_maze, layout_basic
D:2:      layout_loops_ring, serial_forest, infiniplex_forest_clump_small,
          infiniplex_forest_straight_1, infiniplex_forest_fountain,
          infiniplex_forest_clump_cross, infiniplex_forest_end_2,
          infiniplex_forest_zigzag_1, infiniplex_forest_straight_3,
          infiniplex_forest_lined_4_way, infiniplex_forest_lined_room_2,
          solitary_fountain
D:3:      layout_basic, mainiacjoe_overflow_boulevard, jmf_multi_god_temple,
          ebering_ghost_sewer_f, serial_shops, nicolae_lakefront_shop,
          minmay_ogre_servants, uniq_sigmund
D:4:      layout_rooms, led_xom_imps, serial_shops, nicolae_shop_behind_doors,
          kennysheep_cluttered_room, minmay_misc_feat_square, uniq_blork_the_orc

Skill      XL: |  1  2  3 |
---------------+----------+-----
Short Blades   | 1 2 |  2.8
Fighting       | |  3.2
Maces & Flails | |  1.7
Armour         | |  2.5
Shields        | |  2.5

Action                   |  1- 3 |  4- 6 || total
-------------------------+-------+-------++-------
Melee: Dagger            |    72 |    16 ||    88
       Flail             |    12 |       ||    12
Armor: Scale mail        |    59 |     4 ||    63
Dodge: Dodged            |    65 |     8 ||    73
Block: Buckler           |    21 |     3 ||    24
